 Dungeon Crawl Stone Soup version 0.19-a0-1855-gb7442ac (webtiles) character file.

16 jerryfan the Chiller (level 2, 0/20 HPs)
             Began as a Draconian Ice Elementalist on Oct 7, 2016.
             Succumbed to an adder's poison
             ... on level 2 of the Dungeon on Oct 11, 2016.
             The game lasted 00:06:40 (878 turns).

jerryfan the Chiller (Draconian Ice Elementalist)    Turns: 878, Time: 00:06:40

Health: 0/20       AC:  4    Str:  7 (10) XL:     2   Next: 41%
Magic:  5/5        EV: 12    Int: 14 (15) God:
Gold:   72         SH:  0    Dex: 10 (11) Spells: 1 memorised, 4 levels left

rFire  . . .     SeeInvis .     d - +0 hunting sling
rCold  . . .     Gourm    .     (armour unavailable)
rNeg   . . .     Faith    .     (no shield)
rPois  .         Spirit   .     (helmet restricted)
rElec  .         Dismiss  .     (no cloak)
rCorr  .         Reflect  .     (no gloves)
MR     .....     Harm     .     (no boots)
Stlth  +++.......               (no amulet)
                                (no ring)
                                l - ring of stealth

@: lethally poisoned (0 -> -8)
A: unfitting armour, cold-blooded, AC +4
a: no special abilities


You were on level 2 of the Dungeon.
You were not hungry.

You visited 1 branch of the dungeon, and saw 2 of its levels.

You collected 72 gold pieces.

Inventory:

Hand Weapons
 d - a +0 hunting sling (weapon)
 k - a +0 short sword of venom
Missiles
 h - 8 sling bullets (quivered)
Jewellery
 l - a ring of stealth (left hand)
Scrolls
 c - a scroll of magic mapping
 g - a scroll of fog
 m - a scroll of amnesia {unknown}
Potions
 f - a potion of mutation {unknown}
 i - a potion of berserk rage {unknown}
Books
 a - a book of Frost

   Spells                             Type                      Level
   a - Freeze                         Ice                          1
   b - Throw Frost                    Conjuration/Ice              2
   c - Ozocubu's Armour               Charms/Ice                   3
   d - Throw Icicle                   Conjuration/Ice              4
   e - Summon Ice Beast               Ice/Summoning                4
Comestibles
 b - 3 bread rations
 n - a chunk of flesh


   Skills:
 + Level 0.2 Fighting
 * Level 0.5(0.6) Slings
 * Level 0.3(0.5) Throwing
 + Level 2.0 Dodging
 + Level 1.8 Stealth
 + Level 2.0 Spellcasting
   Level 1.0 Conjurations
 + Level 3.2 Ice Magic


You had 4 spell levels left.
You knew the following spells:

 Your Spells              Type           Power        Failure   Level  Hunger
a - Freeze                Ice            ##..         10%         1    ##.....


Dungeon Overview and Level Annotations

Branches:
Dungeon (2/15)

Altars:


Innate Abilities, Weirdness & Mutations

Your plain brown scales are hard. (AC +4)
You cannot fit into any form of body armour.
You are cold-blooded and may be slowed by cold attacks.


Message History

It was a potion of cancellation.
You feel magically purged. The bat barely misses you. The adder bites you.
You are lethally poisoned!
The adder poisons you!
As you read the scroll labeled AJEMAN AHOFAUT, it crumbles to dust.
You hear a loud clanging noise!
It was a scroll of noise.
You feel sick.
You hear a shout! x2
The bat barely misses you. The adder closely misses you.
* * * LOW HITPOINT WARNING * * *
You feel sick. The bat misses you. The adder bites you.
* * * LOW HITPOINT WARNING * * *
The bat barely misses you.
* * * LOW HITPOINT WARNING * * *
You feel sick. The bat hits you but does no damage.
* * * LOW HITPOINT WARNING * * *
You feel sick. The bat hits you but does no damage. The adder bites you.
* * * LOW HITPOINT WARNING * * *
The bat hits you but does no damage.
You die...

...... ..... $%.#
..# #.# #
#####.##### ##. #.
#........(#....
#.##..S....(...(#
#...@....(...##.#
#......b....((...
####.........#....
#.........# ...
#.........# #.
#......(..#
#......#### #
###......# ..
##...#.## ....


You could see an adder and a bat.

Vanquished Creatures
  A giant cockroach (D:1)
  3 hobgoblins
  4 bats
  A frilled lizard (D:2)
  4 goblins
  A rat (D:1)
14 creatures vanquished.

Notes
Turn   | Place    | Note
-------+----------+-------------------------------------------
     0 | D:1      | jerryfan the Draconian Ice Elementalist began the quest for the Orb.
     0 | D:1      | Reached XP level 1. HP: 14/14 MP: 3/3
   499 | D:1      | Reached XP level 2. HP: 20/20 MP: 0/5
   558 | D:1      | Upgraded the game from 0.19-a0-1827-g174f941 to 0.19-a0-1855-gb7442ac
   876 | D:2      | HP: 1/20 [adder (1)]
   878 | D:2      | Succumbed to an adder's poison

Vault maps used:
D:1:      lordsloth_arrival_two_stooges
D:2:      hex_tiny

Skill      XL: |  1 |
---------------+----+-----
Dodging        | 2 |  2.0
Fighting       | |  0.2
Slings         | |  0.5
Throwing       | |  0.3
Stealth        | |  1.8
Spellcasting   | |  2.0
Conjurations   | |  1.0
Ice Magic      | |  3.2

Action                   || total
-------------------------++-------
Melee: Unarmed           ||     6
       Tailslap          ||     2
       Hunting sling     ||     3
 Fire: Hunting sling     ||    38
 Cast: Freeze            ||    10
  Use: Scroll            ||     4
       Potion            ||     2
  Eat: Pizza             ||     1
Armor: Skin              ||    22
Dodge: Dodged            ||    38
